 Seeded DCSS version 0.29-a0-451-gfbfa42419e (webtiles) character file.

Game seed: 20220519 (custom seed)

105 bwicke the Changer (level 4, -1/34 HPs)
             Began as a Demigod Transmuter on May 19, 2022.
             Slain by a gnoll
             ... wielding a +0 halberd
              (7 damage)
             ... on level 2 of the Dungeon.
             The game lasted 00:03:58 (2142 turns).

bwicke the Changer (Demigod Transmuter)             Turns: 2142, Time: 00:03:58

Health: -1/34      AC:  2    Str: 11    XL:     4   Next: 29%
Magic:  9/9        EV: 12    Int: 19    God:
Gold:   19         SH:  0    Dex: 14    Spells: 3/6 levels left

rFire   . . .      SeeInvis .   k - +0 short sword (vamp)
rCold   . . .      Faith    .   (no shield)
rNeg    . . .      Spirit   .   a - +0 robe
rPois   .          Reflect  .   (helmet currently unavailable)
rElec   .          Harm     .   (no cloak)
rCorr   .          Rampage  .   (no gloves)
Will    .....                   (boots currently unavailable)
Stlth   +.........              (no amulet)
HPRegen 0.11/turn               i - ring of flight
MPRegen 0.11/turn               (no ring)

@: appendages (expiring), flying
A: horns 2, talons 2, high MP 1, forlorn, divine attributes
a: End Transformation


You were on level 2 of the Dungeon.
You had temporarily grown beastly horns and talons.
You visited 1 branch of the dungeon, and saw 2 of its levels.

You collected 19 gold pieces.

Inventory:

Hand Weapons
 c - a +0 dagger
 e - a +0 trident
 k - a +0 vampiric short sword (weapon)
Armour
 a - a +0 robe (worn)
Jewellery
 i - a ring of flight (left hand)
Scrolls
 g - a scroll of teleportation {unknown}
 l - a scroll of identify {unknown}
Potions
 b - a potion of lignification
 d - 2 potions of flight {unknown}
 f - a potion of invisibility {unknown}
 h - a potion of haste {unknown}
 j - a potion of cancellation {unknown}


   Skills:
 - Level 0.8 Fighting
 - Level 1.7 Dodging
 - Level 2.6 Unarmed Combat
 - Level 1.7 Spellcasting
 + Level 4.4 Transmutations


You had 3 spell levels left.
You knew the following spells:

 Your Spells              Type           Power      Damage    Failure   Level
a - Beastly Appendage     Tmut           36%        N/A       2%          1
b - Wereblood             Tmut           18%        N/A       4%          2

Your spell library contained the following spells:

 Spells                   Type           Power      Damage    Failure   Level
 Spider Form              Tmut/Pois      10%        N/A       22%         3
 Ice Form                 Ice/Tmut       10%        N/A       56%         4


Dungeon Overview and Level Annotations

Branches:
Dungeon (2/15)


Innate Abilities, Weirdness & Mutations

You have temporarily grown beastly horns and talons.
You have an increased reservoir of magic. (+10% MP)
You shall have no god before yourself.
Your divine heritage dramatically boosts your attributes as you level up.


Message History

You hit the endoplasm but do no damage. You claw the endoplasm.
You kill the endoplasm!
You hit the gnoll but do no damage. You headbutt the gnoll.
The gnoll is heavily wounded.
The gnoll hits you with a +0 mace.
A gnoll comes into view. It is wielding a +0 halberd.
The gnoll shouts!
You hit the gnoll. You claw the gnoll. You punch the gnoll.
You kill the gnoll!
You barely miss the gnoll. The gnoll hits you with a +0 whip.
You hit the gnoll.
You feel better.
Your headbutt misses the gnoll.
The gnoll is moderately wounded.
The gnoll closely misses you. x2
You hit the gnoll.
You feel better.
Your kick misses the gnoll.
The gnoll is severely wounded.
The gnoll hits you with a +0 whip.
You hit the gnoll.
You feel better.
You claw the gnoll.
You kill the gnoll!
The gnoll misses you.
You closely miss the gnoll. You headbutt the gnoll.
The gnoll is lightly wounded.
The gnoll hits you from afar with a +0 halberd.
The gnoll hits you with a +0 whip.
You hit the gnoll.
You feel better.
Your headbutt misses the gnoll.
The gnoll is moderately wounded.
The gnoll barely misses you. The gnoll hits you with a +0 whip.
You closely miss the gnoll. You claw the gnoll.
The gnoll is heavily wounded.
The gnoll closely misses you. The gnoll hits you but does no damage.
You hit the gnoll.
You feel better.
The gnoll is severely wounded.
Your transformation is almost over.
The gnoll hits you from afar with a +0 halberd!
* * * LOW HITPOINT WARNING * * *
The gnoll hits you with a +0 whip.
* * * LOW HITPOINT WARNING * * *
You hit the gnoll but do no damage. Your headbutt misses the gnoll.
The gnoll is severely wounded.
The gnoll hits you from afar with a +0 halberd!
You die...

############
#..........#
#######.########.##
#.g@....^>.# #...##
#g#####.##.# #.....
##########.# #.# #
#...## ...........#
#.# ##.##
######..### #.# #.#
##.# #.# #.# #..#
#.# #.# #........#
.. ..#
....J.......# ..


You could see 2 gnolls.

Vanquished Creatures
  An orc priest (D:2)
  2 gnolls (D:2)
  An adder (D:2)
  2 dart slugs
  2 ball pythons
  2 endoplasms
  2 giant cockroaches
  4 hobgoblins
  3 jackals (D:2)
  5 quokkas
  6 bats
  A frilled lizard (D:1)
  2 goblins (D:1)
  6 kobolds
  3 rats
42 creatures vanquished.

Notes
Turn   | Place    | Note
-------+----------+-------------------------------------------
     0 | D:1      | bwicke the Demigod Transmuter began the quest for the Orb.
     0 | D:1      | Reached XP level 1. HP: 15/15 MP: 5/5
    11 | D:1      | Reached skill level 2 in Transmutations
   516 | D:1      | Reached XP level 2. HP: 21/22 MP: 7/7
   934 | D:1      | Reached skill level 3 in Transmutations
  1255 | D:1      | Learned a level 2 spell: Wereblood
  1324 | D:2      | Reached XP level 3. HP: 7/27 MP: 6/8
  1835 | D:2      | Reached skill level 4 in Transmutations
  1845 | D:2      | Reached XP level 4. HP: 12/34 MP: 9/9
  2142 | D:2      | Slain by a gnoll

Illustrated notes

Levels and vault maps discovered:
D:1:      minmay_arrival_checkered_box, layout_loops_ring,
          basic_ecumenical_altar, roderic_serpentine_path
D:2:      layout_loops_ring, st_stairs_5, uniq_jessica

Skill      XL: |  1  2  3 |
---------------+----------+-----
Transmutations | 2 3 4 |  4.4
Fighting       | |  0.8
Dodging        | |  1.7
Unarmed Combat | |  2.6
Spellcasting   | |  1.7

Action                   |  1- 3 |  4- 6 || total
-------------------------+-------+-------++-------
Melee: Unarmed           |   107 |       ||   107
       Headbutt          |    16 |     4 ||    20
       Kick              |    13 |     5 ||    18
       Punch             |     1 |     1 ||     2
       Short sword       |       |    19 ||    19
 Cast: Beastly Appendage |    17 |     2 ||    19
 Stab: Sleeping          |     3 |       ||     3
Armor: Robe              |    23 |     5 ||    28
Dodge: Dodged            |    70 |    11 ||    81

Table legend: (Time is in decaauts)
 A = Elapsed time spent in this place.
 B = Non-inter-level travel time spent in this place.
 C = Inter-level travel time spent in this place.
 D = Time resting spent in this place.
 E = Time spent auto-exploring this place.
 F = Levels seen in this place.
 G = Mean time per level.
                   A        B        C        D        E       F      G
               +--------+--------+--------+--------+--------+-----+--------+
         Total |   2136 |   2120 |     16 |    452 |   1306 |   2 | 1068.0 |
       Dungeon |   2136 |   2120 |     16 |    452 |   1306 |   2 | 1068.0 |
               +--------+--------+--------+--------+--------+-----+--------+

Top non-repeatable levels by time:
     D:1: 1267 daAuts
     D:2: 869 daAuts
